 Dungeon Sprint DCSS version 0.29.1-15-g9cfb28693d (webtiles) character file.

Game seed: 1638090054370370099

2774 Groucho the Fighter (level 9, -10/64 HPs)
             Began as a Gargoyle Fighter on Apr 26, 2023.
             Was a Priest of Qazlal.
             Mangled by a moth of wrath (shapeshifter) (11 damage)
             ... in the Dungeon (Sprint IX: "|||||||||||||||||||||||||||||").
             The game lasted 00:02:04 (862 turns).

Groucho the Fighter (Gargoyle Fighter)               Turns: 862, Time: 00:02:04

Health: -10/64     AC: 21    Str: 23    XL:     9   Next: 70%
Magic:  5/16       EV:  9    Int: 16    God:    Qazlal [***...]
Gold:   0          SH: 10    Dex:  9    Spells: 8/8 levels left

rFire   . . .      SeeInvis .   n - +2 morningstar "Kuojocze" {flame, rElec Int+3}
rCold   . . .      Faith    .   c - +0 buckler
rNeg    + . .      Spirit   .   q - +1 scale mail
rPois   ∞          Reflect  .   (no helmet)
rElec   +          Harm     .   p - +0 cloak
rCorr   .          Rampage  .   (no gloves)
Will    .....      NoTele   +   o - +0 pair of boots
Stlth   ..........              (no amulet)
HPRegen 0.20/turn               b - +2 ring of protection
MPRegen 0.15/turn               r - +3 ring of intelligence

@: on berserk cooldown, slowed, very slow
A: sickness immunity, AC +6, negative energy resistance 1, electricity
resistance, torment resistance 1, petrification resistance
a: Renounce Religion, Upheaval, Elemental Force


You were in the Dungeon.
You worshipped Qazlal.
Qazlal was most pleased with you.
You visited 1 branch

Inventory:

Hand Weapons
 a - a +0 flail
 n - the +2 morningstar "Kuojocze" (weapon) {flame, rElec Int+3}
   (You found it in the Dungeon)

   It burns those it strikes, dealing additional fire damage.
   Int:       It affects your intelligence (+3).
   rElec:     It insulates you from electricity.
Armour
 c - a +0 buckler (worn)
 o - a +0 pair of boots (worn)
 p - a +0 cloak (worn)
 q - a +1 scale mail (worn)
Jewellery
 b - a +2 ring of protection (left hand)
 r - a +3 ring of intelligence (right hand)
Wands
 m - a wand of roots (10)
Scrolls
 j - 2 scrolls of blinking
 l - 2 scrolls of amnesia
Potions
 e - 3 potions of curing
 g - a potion of haste
 h - 4 potions of magic


   Skills:
 + Level 11.6 Fighting
 + Level 10.4 Maces & Flails
 + Level 11.6 Armour
 + Level 11.6 Shields
 + Level 9.6 Invocations


You had 8 spell levels left.
You didn't know any spells.
Your spell library was empty.

Dungeon Overview and Level Annotations

Branches:
Dungeon (1/1)

Altars:
Cheibriados
Dithmenos
Elyvilon
Fedhas
Gozag
Hepliaklqana
Kikubaaqudgha
Makhleb
Nemelex Xobeh
Okawaru
Qazlal
Ru
Sif Muna
Trog
Uskayaw
Vehumet
Wu Jian
Xom
Yredelemnul
Zin
The Shining One
Jiyva
Lugonu


Innate Abilities, Weirdness & Mutations

You are immune to sickness and miasma.
Your stone body is resilient. (AC +6)
You are immune to poison.
You resist negative energy. (rN+)
You are resistant to electric shocks. (rElec)
You are resistant to unholy torment.
You are immune to petrification.


Message History

You hit the elephant but do no damage. You block the elephant's attack.
The elephant trunk-slaps you but does no damage.
Unknown command.
You hit the elephant but do no damage. You block the elephant's attack.
The elephant trunk-slaps you but does no damage.
The elephant closely misses you.
The elephant trunk-slaps you but does no damage.
Unknown command.
You hit the elephant. You burn the elephant.
The elephant is lightly wounded.
The elephant tramples you but does no damage.
The elephant closely misses you.
You hit the elephant. You burn the elephant.
The elephant is lightly wounded.
The elephant tramples you but does no damage.
The elephant closely misses you.
The elephant tramples you but does no damage.
The elephant barely misses you.
You bludgeon the elephant!! You burn the elephant.
The elephant is moderately wounded.
You block the elephant's attack.
The elephant trunk-slaps you but does no damage.
You hit the elephant. You burn the elephant.
The elephant is heavily wounded.
The elephant changes into a moth of wrath!
You barely miss the moth of wrath. You block the moth of wrath's attack.
You impale the moth of wrath!! You burn the moth of wrath!
The moth of wrath is heavily wounded.
The moth of wrath bites you.
The moth of wrath bites you but does no damage.
You sock the moth of wrath! You burn the moth of wrath.
The moth of wrath is severely wounded.
You block the moth of wrath's attack. The moth of wrath bites you!
* * * LOW HITPOINT WARNING * * *
You hit the moth of wrath. You burn the moth of wrath.
The moth of wrath is almost dead.
The moth of wrath bites you!
* * * LOW HITPOINT WARNING * * *
The moth of wrath bites you!
You die... ▓▓▓▓▓▓▓▓▓▓▓▓▓▓▓▓▓▓▓▓▓▓▓ .)...[..')†.)[.(@y....+ ▓▓▓▓▓▓▓▓▓▓▓▓▓▓▓▓▓▓▓▓▓▓▓

You could see a moth of wrath shaped shifter.

Vanquished Creatures
  A centaur warrior (D)
  A boulder beetle (D)
  A cyclops (D)
  A kobold demonologist (D)
  A raiju (shapeshifter) (D)
  A yak (D)
  A wyvern (D)
  An acid dragon (D)
  An orc warrior (D)
  An ice beast (D)
  A centaur (D)
  An orc priest (D)
  A jelly (D)
  An adder (D)
  A white imp (D)
  An ufetubus (D)
  2 hobgoblins (D)
  2 ball pythons (D)
  A rat (D)
21 creatures vanquished.

Notes
Turn   | Place    | Note
-------+----------+-------------------------------------------
     0 | D        | Groucho the Gargoyle Fighter began the quest for the Orb.
     0 | D        | Reached XP level 1. HP: 14/14 MP: 1/1
   277 | D        | Noticed an ice beast
   277 | D        | Noticed a jelly
   280 | D        | Reached XP level 2. HP: 20/20 MP: 2/2
   299 | D        | Reached XP level 3. HP: 17/24 MP: 3/3
   303 | D        | Killed an ice beast
   304 | D        | Reached skill level 5 in Maces & Flails
   304 | D        | Reached XP level 4. HP: 24/32 MP: 4/4
   304 | D        | Reached XP level 5. HP: 27/36 MP: 5/5
   711 | D        | Found a snail-covered altar of Cheibriados.
   711 | D        | Found a shadowy altar of Dithmenos.
   711 | D        | Found a white marble altar of Elyvilon.
   711 | D        | Found a blossoming altar of Fedhas.
   711 | D        | Found an opulent altar of Gozag.
   712 | D        | Found a hazy altar of Hepliaklqana.
   713 | D        | Found a viscous altar of Jiyva.
   714 | D        | Found an ancient bone altar of Kikubaaqudgha.
   715 | D        | Found a corrupted altar of Lugonu.
   716 | D        | Found a burning altar of Makhleb.
   717 | D        | Found a sparkling altar of Nemelex Xobeh.
   718 | D        | Found an iron altar of Okawaru.
   719 | D        | Found a stormy altar of Qazlal.
   720 | D        | Found a sacrificial altar of Ru.
   721 | D        | Found a shimmering blue altar of Sif Muna.
   722 | D        | Found a bloodstained altar of Trog.
   723 | D        | Found a hide-covered altar of Uskayaw.
   724 | D        | Found a radiant altar of Vehumet.
   725 | D        | Found an ornate altar of the Wu Jian Council.
   726 | D        | Found a shimmering altar of Xom.
   727 | D        | Became a worshipper of Qazlal Stormbringer
   728 | D        | Found a basalt altar of Yredelemnul.
   729 | D        | Found a glowing silver altar of Zin.
   730 | D        | Found a glowing golden altar of the Shining One.
   746 | D        | Got the +2 morningstar "Kuojocze" {flame, rElec Int+3}
   784 | D        | Noticed an orc warrior
   784 | D        | Noticed a wyvern
   784 | D        | Noticed a yak
   784 | D        | Noticed a centaur
   784 | D        | Noticed an acid dragon
   788 | D        | Killed an orc warrior
   789 | D        | Reached XP level 6. HP: 42/44 MP: 5/8
   791 | D        | Killed a wyvern
   795 | D        | Killed a yak
   795 | D        | Reached * piety under Qazlal
   796 | D        | Reached skill level 5 in Invocations
   796 | D        | Reached XP level 7. HP: 45/50 MP: 5/10
   803 | D        | Reached ** piety under Qazlal
   806 | D        | Noticed a cyclops
   806 | D        | Noticed a boulder beetle
   806 | D        | Noticed a centaur warrior
   806 | D        | Noticed a raiju
   806 | D        | Noticed a kobold demonologist
   806 | D        | Noticed a cane toad
   814 | D        | Killed a cyclops
   815 | D        | Reached XP level 8. HP: 16/57 MP: 8/13
   815 | D        | Noticed an ice devil
   817 | D        | Noticed a salamander
   817 | D        | a cane toad changed into a salamander
   825 | D        | Killed a centaur warrior
   826 | D        | Reached skill level 10 in Fighting
   826 | D        | Reached skill level 10 in Armour
   826 | D        | Reached skill level 10 in Shields
   826 | D        | Reached XP level 9. HP: 29/63 MP: 9/15
   832 | D        | Noticed a red devil
   847 | D        | Killed a boulder beetle
   847 | D        | Reached *** piety under Qazlal
   848 | D        | Reached skill level 10 in Maces & Flails
   848 | D        | Killed a kobold demonologist
   850 | D        | Noticed a mana viper
   850 | D        | a salamander changed into a mana viper
   852 | D        | Noticed an elephant
   852 | D        | a mana viper changed into an elephant
   858 | D        | Noticed a moth of wrath
   858 | D        | an elephant changed into a moth of wrath
   862 | D        | HP: 1/64 [moth of wrath (shapeshifter) (11)]
   862 | D        | Mangled by a moth of wrath (shapeshifter)

Illustrated notes

Levels and vault maps discovered:
D:        linesprint [early_d, line_temple, items_1, d_10, items_2, lair_1,
          lair_end, items_3, orc_1, orc_end, items_4, d_15, swamp_1, shoals_1,
          snake_1, spider_1, d_20, vaults_1, items_5, swamp_end, shoals_end,
          snake_end, spider_end, vaults_end, d_27, items_6, zot_1, zot_end,
          crypt_end, forest_end, elf_end, slime_end, tomb_end, abyss_end,
          pan_hell_end]

Skill      XL: |  1  2  3  4  5  6  7  8  9 |
---------------+----------------------------+-----
Fighting       | 4 6 7 8 9 10 11 | 11.6
Armour         | 4 6 7 8 9 10 11 | 11.6
Shields        | 4 6 7 8 9 10 11 | 11.6
Maces & Flails | 3 5 6 7 8 9 10 | 10.4
Invocations    | 2 5 7 8 9 |  9.6

Action                   |  1- 3 |  4- 6 |  7- 9 || total
-------------------------+-------+-------+-------++-------
Melee: Flail             |    42 |     2 |       ||    44
       Morningstar       |       |     9 |    52 ||    61
  Use: Potion            |       |     2 |     6 ||     8
 Stab: Invisible         |       |     1 |     1 ||     2
Armor: Scale mail        |    37 |     3 |    41 ||    81
Dodge: Dodged            |    19 |     2 |    20 ||    41
Block: Buckler           |    10 |     3 |    31 ||    44
